 Dungeon Crawl Stone Soup version 0.31-a0-538-gbc85326fa9 (webtiles) character file.

Game seed: 13204172618622257585

5002 jlumianski the Fighter (level 10, -7/79 HPs)
             Began as a Djinni Fire Elementalist on Aug 13, 2023.
             Mangled by an orc warrior
             ... wielding a +3 scimitar of protection
              (20 damage)
             ... on level 8 of the Dungeon on Aug 14, 2023.
             The game lasted 00:53:45 (8019 turns).

jlumianski the Fighter (Djinni Fire Elementalist)   Turns: 8019, Time: 00:53:45

Health: -7/79      AC:  4    Str: 13    XL:     10   Next: 84%
Gold:   37         EV: 15    Int: 21    God:
                   SH:  0    Dex: 14

rFire   + + .        g - +1 dagger (speed)
rCold   x . .        (no shield)
rNeg    . . .        a - +0 robe
rPois   ∞            F - +1 helmet
rElec   .            (no cloak)
rCorr   .            (no gloves)
SInv    .            (boots unavailable)
Will    +....        c - amulet of regeneration
Stlth   +++          T - +6 ring of strength
HPRegen 1.13/turn    (no ring)
MPRegen 0.00/turn

%: infuse magic (-8 HP)
@: flying
A: sickness immunity, fire resistance 2, cold vulnerability 1, float, innate
caster, HP casting, extra vitality 1
a: no special abilities


You were on level 8 of the Dungeon.
You visited 2 branches of the dungeon, and saw 12 of its levels.
You also visited: Sewer.

You collected 539 gold pieces.
You spent 502 gold pieces at shops.

Inventory:

Hand Weapons
 b - a +0 dagger of venom
 g - a +1 dagger of speed (weapon)
 m - a +3 trident
 H - a +2 dagger of draining
Missiles
 d - a curare-tipped dart
 h - 10 poisoned darts
 k - 4 datura-tipped darts
 q - 2 boomerangs
 t - 2 silver javelins
 K - a throwing net
Armour
 a - a +0 robe (worn)
 F - a +1 helmet (worn)
 J - a +2 hat
 P - the +3 leather armour "Etiwn" {*Slow Str+3 Stlth+}
   (You bought it in a shop on level 8 of the Dungeon)

   Str+3:     It affects your strength (+3).
   *Slow:     It may slow you when you take damage.
   Stlth+:    It makes you more stealthy.
 Q - the +0 leather armour of the Endless Expanse {-Cast rElec rC+}
   (You bought it in a shop on level 8 of the Dungeon)

   rC+:       It protects you from cold.
   rElec:     It insulates you from electricity.
   -Cast:     It prevents spellcasting.
Magical Staves
 u - a staff of air
 N - a staff of cold
Jewellery
 c - an amulet of regeneration (around neck)
 r - an amulet of the acrobat
 T - a +6 ring of strength (left hand)
Talismans
 S - a maw talisman
Wands
 G - a wand of paralysis (9)
 L - a wand of light (6)
 O - a wand of mindburst (11)
Scrolls
 e - a scroll of fear
 f - 8 scrolls of teleportation
 o - a scroll of enchant weapon {unknown}
 s - 2 scrolls of poison
 w - a scroll of vulnerability {unknown}
 y - a scroll of fog
 z - a scroll of revelation
 A - a scroll of enchant armour
 B - a scroll of torment {unknown}
 E - a scroll of blinking {unknown}
 M - a scroll of noise {unknown}
Potions
 i - 2 potions of berserk rage
 j - 2 potions of invisibility
 l - 6 potions of enlightenment
 n - 2 potions of magic
 p - 6 potions of curing
 v - a potion of heal wounds
 x - a potion of might
 C - a potion of haste
 D - 2 potions of brilliance
 I - a potion of degeneration
 R - a potion of cancellation {unknown}


   Skills:
 * Level 9.7 Fighting
 + Level 5.0 Short Blades
 + Level 7.1 Dodging
 + Level 5.8 Stealth
 * Level 7.6 Spellcasting
 * Level 7.6 Conjurations
 * Level 7.6 Hexes
 * Level 7.6 Summonings
 * Level 7.6 Necromancy
 * Level 7.6 Translocations
 * Level 7.6 Transmutations
 * Level 7.6 Fire Magic
 * Level 7.6 Ice Magic
 * Level 7.6 Air Magic
 * Level 7.6 Earth Magic
 * Level 7.6 Poison Magic


You knew the following spells:

 Your Spells              Type           Power      Damage    Failure   Level
a - Foxfire               Conj/Fire      100%       2x1d9     1%          1
b - Scorch                Fire           80%        2d8       1%          2
c - Volatile Blastmotes   Fire/Tloc      80%        2d16      1%          3
d - Inner Flame           Hex/Fire       40%        N/A       1%          3
e - Flame Wave            Conj/Fire      40%        2d11      3%          4
f - Sandblast             Erth           80%        2d17      1%          1
g - Poisonous Vapours     Pois/Air       80%        N/A       1%          2
h - Lesser Beckoning      Tloc           80%        N/A       1%          2
i - Summon Lightning Spi  Summ/Air       40%        N/A       3%          4
Your spell library was empty.

Dungeon Overview and Level Annotations

Branches:
Dungeon (11/15)            Temple (1/1) D:5            Lair (0/5) D:9
  Sewer (visited)
    Orc: D:9-12

Altars:
Ashenzari
Elyvilon
Gozag
Hepliaklqana
Nemelex Xobeh
Ru
Trog
Wu Jian
Yredelemnul
Zin
The Shining One

Shops:
D:2 [   D:3 !   D:8 [

Annotations:
D:9 Pikel


Innate Abilities, Weirdness & Mutations

You are immune to sickness and miasma.
You are immune to poison.
Your flesh is very heat resistant. (rF++)
You are vulnerable to cold. (rC-)
You float through the air rather than walking.
You learn spells naturally, not from books.
Your magical power is your life essence.
You have superior vitality. (+4 MHP)


Message History

The black bear closely misses you. The black bear completely misses you.
The black bear claws you but does no damage.
The orc warrior hits you with a +3 scimitar of protection!
* * * LOW HITPOINT WARNING * * *
A wave of flame ripples out!
The flame wave engulfs the orc warrior but does no damage.
The orc warrior is moderately wounded.
The flame wave engulfs the black bear!
You kill the black bear!
* * * LOW HITPOINT WARNING * * *
You finish channelling waves of flame.
The orc warrior completely misses you.
Okay, then.
Unknown command.
You feel much better. The orc warrior barely misses you.
Casting: Flame Wave (dangerous; 3% risk of failure)
Confirm with . or Enter, or press ? or * to list all spells.
Flames lash the orc warrior but do no damage.
The orc warrior hits you with a +3 scimitar of protection!
Casting: Scorch (safe; 1% risk of failure)
Confirm with . or Enter, or press ? or * to list all spells.
You don't know that spell.
Casting: Scorch (safe; 1% risk of failure)
Confirm with . or Enter, or press ? or * to list all spells.
Flames lash the orc warrior but do no damage.
The orc warrior hits you with a +3 scimitar of protection.
Casting: Scorch (safe; 1% risk of failure)
Confirm with . or Enter, or press ? or * to list all spells.
Okay, then.
Unknown command.
Casting: Scorch (safe; 1% risk of failure)
Confirm with . or Enter, or press ? or * to list all spells.
An electric hum fills the air.
The orc warrior hits you with a +3 scimitar of protection!
* * * LOW HITPOINT WARNING * * *
Casting: Summon Lightning Spire (dangerous; 3% risk of failure)
Confirm with . or Enter, or press ? or * to list all spells.
Flames lash the orc warrior but do no damage.
* * * LOW HITPOINT WARNING * * *
The orc warrior hits you with a +3 scimitar of protection!!
You die...

##..# #.# ##... #..## #####
#.## #.... ..### ###...##
#..### ##... ....# #......#
#..#~# #... ....#
##......###..#~### ### ##..
...## #........##..#~~~###~#
#.. ...#
##........#†>.##~~#~#~## ##.
...# #.........8o..#~#~#~~~~#
## ..##
#..........@..#~#~#~~~~# #
..####...........∩.#~#~~###~#
## ....#..............#~##~#
#~####.
.#.................#~##~#
#~~##.#
####...............#~##~#
#~~~###
#......[.....####~##~###~~~#
#)......[....# #~~####~~#~#
##..........## #~~# ##~~#~#
##........#### #~~# #~~####


You could see an orc warrior (ally target) and a friendly lightning spire
(summoned).

Vanquished Creatures
  A wyvern (D:8)
  A wraith (D:6)
  An acid dragon (D:6)
  3 water moccasins
  3 black bears
  4 orc warriors
  3 ice beasts
  A sky beast (D:6)
  2 centaurs
  A kobold brigand (Sewer)
  10 bullfrogs
  A scorpion (D:6)
  6 wights
  6 killer bees (D:8)
  A howler monkey (D:4)
  6 electric eels (D:6)
  2 hounds
  A jelly (D:5)
  An orc priest (D:9)
  Natasha (thrice) (D:4)
  3 iguanas
  8 orc wizards
  A gnoll (D:6)
  10 adders
  2 river rats (Sewer)
  2 white imps
  2 ufetubi
  3 worms
  A dart slug (D:4)
  43 orcs
  12 ball pythons
  9 bats
  6 endoplasms
  3 giant cockroaches
  11 goblins
  12 hobgoblins
  13 kobolds
  9 quokkas
  2 frilled lizards
  7 rats
216 creatures vanquished.

Vanquished Creatures (collateral kills)
  A wyvern (D:8)
  A bullfrog (D:8)
  2 wights (D:8)
  A hound (D:6)
  An orc wizard (D:9)
  A shadow imp (D:6)
  2 orcs
  A foxfire (D:9)
10 creatures vanquished.

Vanquished Creatures (others)
  355 foxfires
355 creatures vanquished.

Grand Total: 581 creatures vanquished

Notes
Turn   | Place    | Note
-------+----------+-------------------------------------------
     0 | D:1      | jlumianski the Djinni Fire Elementalist began the quest for
                  | the Orb.
     0 | D:1      | jlumianski set off with the following spells memorised:
                  | Foxfire, Scorch, Volatile Blastmotes, Inner Flame, Flame
                  | Wave.
     0 | D:1      | Reached XP level 1. HP: 15/15 MP: 0/0
   130 | D:1      | Reached XP level 2. HP: 22/22 MP: 0/0
   310 | D:2      | Reached XP level 3. HP: 26/26 MP: 0/0
   310 | D:2      | Learned a level 1 spell: Sandblast
   448 | D:1      | Reached skill level 1 in Fighting
   487 | D:2      | Found Bacluput's Antique Armour Shoppe.
   823 | D:2      | Reached XP level 4. HP: 32/32 MP: 0/0
  1209 | D:4      | Reached XP level 5. HP: 34/38 MP: 0/0
  1209 | D:4      | Learned a level 2 spell: Poisonous Vapours
  1255 | D:3      | Reached skill level 2 in Fighting
  1255 | D:3      | Reached skill level 1 in Short Blades
  1384 | D:4      | Noticed Natasha
  1395 | D:4      | Killed Natasha
  1439 | D:3      | Reached XP level 6. HP: 31/45 MP: 0/0
  1872 | D:3      | Found Kapsinuja's Distillery.
  1896 | D:3      | Bought a potion of curing for 30 gold pieces
  1896 | D:3      | Bought a potion of curing for 30 gold pieces
  1896 | D:3      | Bought a potion of heal wounds for 50 gold pieces
  2197 | D:5      | Entered Level 5 of the Dungeon
  2219 | D:5      | Found a staircase to the Ecumenical Temple.
  2224 | Temple   | Entered the Ecumenical Temple
  2461 | D:5      | Reached skill level 3 in Fighting
  2477 | D:5      | Found a glowing drain.
  2482 | Sewer    | Entered a sewer
  2536 | Sewer    | Reached skill level 7 in Fighting
  2536 | Sewer    | Reached skill level 5 in Stealth
  2536 | Sewer    | Reached XP level 7. HP: 58/58 MP: 0/0
  2536 | Sewer    | Learned a level 2 spell: Lesser Beckoning
  2549 | Sewer    | Reached XP level 8. HP: 58/64 MP: 0/0
  3067 | D:4      | Noticed Natasha
  3072 | D:4      | Killed Natasha
  3297 | D:4      | Noticed Natasha
  3303 | D:4      | Killed Natasha
  4383 | D:6      | Reached XP level 9. HP: 70/70 MP: 0/0
  4383 | D:6      | Learned a level 4 spell: Summon Lightning Spire
  4657 | D:6      | Reached skill level 8 in Fighting
  6032 | D:8      | Reached XP level 10. HP: 62/77 MP: 0/0
  6112 | D:8      | Reached skill level 9 in Fighting
  6377 | D:7      | Found an ornate altar of the Wu Jian Council.
  6887 | D:8      | Found Obis's Antique Armour Boutique.
  6920 | D:8      | Bought a jewelled leather armour for 196 gold pieces
  6920 | D:8      | Identified the +3 leather armour "Etiwn" {*Slow Str+3
                  | Stlth+} (You bought it in a shop on level 8 of the Dungeon)
  6920 | D:8      | Bought a fine leather armour for 196 gold pieces
  6920 | D:8      | Identified the +0 leather armour of the Endless Expanse
                  | {-Cast rElec rC+} (You bought it in a shop on level 8 of
                  | the Dungeon)
  7679 | D:10     | Entered Level 10 of the Dungeon
  7912 | D:9      | Reached skill level 5 in Short Blades
  7915 | D:9      | Found a staircase to the Lair.
  7926 | D:9      | Noticed Pikel
  8019 | D:8      | Mangled by an orc warrior

Illustrated notes

Levels and vault maps discovered:
D:1:      lightli_molten_gateway, layout_basic
D:2:      layout_rooms, serial_shops, shop, minmay_pentomino_t4
D:3:      layout_basic, serial_shops, shop
D:4:      layout_basic, moated_statue, hangedman_glass_teeth,
          kennysheep_generic_room_6, uniq_natasha
D:5:      layout_basic, temple_doors_e, gup_sewer_entry_bowl
D:6:      cheibrodos_two_vegetables, layout_loops_corners,
          chequers_serial_rivers_large_a, minmay_microvault
D:7:      layout_loops_ring, lemuel_round_altar
D:8:      layout_cave_pods, serial_shops, shop, chequers_serial_rivers_large_b,
          bh_walls_and_bars
D:9:      layout_cave_pools, due_lair_maze_entry_diamond,
          kennysheep_nondescript, uniq_pikel
D:10:     layout_irregular_city, nicolae_overflows_in_rows, serial_column_ruins,
          column_ruins_square_large, column_ruins_columns_corner,
          column_ruins_corridor_dead_end, column_ruins_open_tiny,
          column_ruins_open_tiny, column_ruins_grid_3,
          column_ruins_columns_straight
D:11:     layout_roguey, serial_shops, shop, nicolae_shop_rolled_up,
          nicolae_shop_rolling_square, uniq_erica
Temple:   nicolae_temple_slightly_damp_pantheon

Skill      XL: |  1  2  3  4  5  6  7  8  9 10 |
---------------+-------------------------------+-----
Spellcasting   | 6 7 |  7.6
Conjurations   | 6 7 |  7.6
Hexes          | 6 7 |  7.6
Summonings     | 6 7 |  7.6
Necromancy     | 6 7 |  7.6
Translocations | 6 7 |  7.6
Transmutations | 6 7 |  7.6
Fire Magic     | 6 7 |  7.6
Ice Magic      | 6 7 |  7.6
Air Magic      | 6 7 |  7.6
Earth Magic    | 6 7 |  7.6
Poison Magic   | 6 7 |  7.6
Fighting       | 1 2 7 8 9 |  9.7
Stealth        | 2 5 |  5.8
Dodging        | 3 6 7 |  7.1
Short Blades   | 1 4 5 |  5.0

Action                     |  1- 3 |  4- 6 |  7- 9 | 10-12 || total
---------------------------+-------+-------+-------+-------++-------
  Melee: Dagger            |    27 |    89 |    71 |    55 ||   242
         Punch             |     1 |       |     2 |     1 ||     4
   Cast: Foxfire           |    20 |    38 |    84 |    59 ||   201
         Scorch            |       |    18 |    43 |    25 ||    86
         Poisonous Vapours |       |     2 |     5 |    10 ||    17
         Volatile Blastmot |       |       |     6 |       ||     6
         Flame Wave        |       |       |     1 |     1 ||     2
         Summon Lightning  |       |       |     3 |     3 ||     6
         Inner Flame       |       |       |       |     1 ||     1
         Lesser Beckoning  |       |       |       |     1 ||     1
    Use: Scroll            |     2 |     8 |     5 |     5 ||    20
         Potion            |       |     1 |     1 |     1 ||     3
   Stab: Sleeping          |     4 |     8 |     6 |     3 ||    21
 Armour: Robe              |     8 |    18 |    10 |    20 ||    56
  Dodge: Dodged            |    16 |    72 |    79 |   103 ||   270

Table legend: (Time is in decaauts)
 A = Elapsed time spent in this place.
 B = Non-inter-level travel time spent in this place.
 C = Inter-level travel time spent in this place.
 D = Time resting spent in this place.
 E = Time spent auto-exploring this place.
 F = Levels seen in this place.
 G = Mean time per level.
                   A        B        C        D        E       F      G
               +--------+--------+--------+--------+--------+-----+--------+
         Total |   7969 |   7634 |    335 |    319 |   4468 |  13 |  613.0 |
       Dungeon |   7459 |   7124 |    335 |    319 |   4405 |  11 |  678.1 |
        Temple |    181 |    181 |      0 |      0 |      0 |   1 |  181.0 |
         Sewer |    328 |    328 |      0 |      0 |     63 |   1 |  328.0 |
               +--------+--------+--------+--------+--------+-----+--------+

Top non-repeatable levels by time:
     D:6: 1606 daAuts
     D:8: 1156 daAuts
     D:3: 933 daAuts
     D:5: 812 daAuts
     D:4: 754 daAuts
     D:7: 668 daAuts
     D:1: 651 daAuts
     D:2: 531 daAuts
   Sewer: 328 daAuts
     D:9: 272 daAuts
  Temple: 181 daAuts
    D:10: 61 daAuts
    D:11: 11 daAuts
